 Dungeon Crawl Stone Soup version 0.26-a0-712-ga5a9c9c9d0 (webtiles) character file.

Game seed: 1136525899590025218

294 Azzok the Chopper (level 6, 31/70 HPs)
             Began as a Demonspawn Berserker on Nov 5, 2020.
             Was a Believer of Trog.
             Quit the game on level 3 of the Dungeon.
             The game lasted 00:02:14 (1999 turns).

Azzok the Chopper (Demonspawn Berserker)            Turns: 1999, Time: 00:02:15

Health: 31/70      AC: 12    Str: 19    XL:     6   Next: 11%
Magic:  6/6        EV:  6    Int:  8    God:    Trog [**....]
Gold:   75         SH:  0    Dex: 13    Spells: 5/5 levels left

rFire    + . .     SeeInvis +   a - +0 hand axe
rCold    . . .     Faith    .   (no shield)
rNeg     . . .     Spirit   .   i - +0 plate armour
rPois    .         Reflect  .   (helmet restricted)
rElec    .         Harm     .   (no cloak)
rCorr    .         Rampage  .   (no gloves)
MR       .....                  (no boots)
Stlth    ..........             (no amulet)
HPRegen  0.21/turn              e - ring of protection from fire
MPRegen  0.10/turn              k - ring of see invisible

@: berserking (expiring), very quick
A: antennae 1, yellow scales 1, demonic guardian 1
a: Berserk, Trog's Hand, Renounce Religion


You were on level 3 of the Dungeon.
You worshipped Trog.
Trog was pleased with you.
You visited 1 branch of the dungeon, and saw 3 of its levels.

You collected 75 gold pieces.

Inventory:

Hand Weapons
 a - a +0 hand axe (weapon)
Armour
 i - a +0 plate armour (worn)
 m - a +0 helmet
Jewellery
 e - a ring of protection from fire (left hand)
 k - a ring of see invisible (right hand)
Scrolls
 b - a scroll of noise {unknown}
 d - 4 scrolls of teleportation {unknown}
 f - 5 scrolls of identify {unknown}
 h - a scroll of fear {unknown}
Potions
 c - a potion of invisibility {unknown}
 g - 2 potions of stabbing {unknown}
 j - a potion of resistance {unknown}
 l - a potion of degeneration {unknown}


   Skills:
 - Level 3.0 Fighting
 + Level 6.3 Axes
 - Level 1.7 Armour
 - Level 1.7 Dodging


You had 5 spell levels left.
You didn't know any spells.
Your spell library was empty.

Dungeon Overview and Level Annotations

Branches:
Dungeon (3/15)

Altars:
Qazlal


Innate Abilities, Weirdness & Mutations

You have a pair of small antennae on your head.
You are partially covered in yellow scales. (AC +2)
A weak demonic guardian rushes to your aid.


Message History

Grinder hits you but does no damage.
You slash Grinder!
Grinder is severely wounded.
You hit Grinder.
Grinder is almost dead.
Grinder hits you but does no damage.
You slash Grinder!
You kill Grinder!
Trog accepts your kill.
Your Axes skill gained 2 levels and is now at level 6!
You have reached level 5!
Your demonic ancestry asserts itself...
A pair of antennae grows on your head!
Your +0 helmet falls away!
You have reached level 6!
Your experience leads to an increase in your attributes!
Increase (S)trength, (I)ntelligence, or (D)exterity?
You feel stronger.
Your demonic ancestry asserts itself...
You feel the presence of a demonic guardian.
Are you sure you want to abandon this character and quit the game? (Confirm with "yes".)

·······'·······▒·▒
▒▒▒▒▒▒▒▒·······▒ ▒
▒·······▒
▒▒▒▒····▒ ▒†·▒▒▒ ▒
▒··▒▒▒·▒▒
▒········
▒···▒▒··· ▒@▒·▒ ▒
▒·▒··▒ ▒·▒··▒
▒·▒··▒ ··▒ ·· ▒▒▒
··


There were no monsters in sight!

Vanquished Creatures
  Grinder (D:3)
  Jessica (D:3)
  An adder (D:3)
  An ooze (D:2)
  A dart slug (D:2)
  A leopard gecko (D:1)
  2 orcs (D:2)
  3 bats
  A giant cockroach (D:1)
  6 goblins (D:1)
  6 hobgoblins
  3 jackals (D:2)
  3 kobolds (D:1)
  A quokka (D:2)
  3 frilled lizards
  8 rats
42 creatures vanquished.

Notes
Turn   | Place    | Note
-------+----------+-------------------------------------------
     0 | D:1      | Azzok the Demonspawn Berserker began the quest for the Orb.
     0 | D:1      | Reached XP level 1. HP: 18/18 MP: 1/1
   116 | D:1      | Reached skill level 3 in Axes
   383 | D:1      | Gained mutation: You are partially covered in yellow
                  | scales. (AC +2) [demonic ancestry]
   383 | D:1      | Reached XP level 2. HP: 20/24 MP: 2/2
  1142 | D:2      | Found a stormy altar of Qazlal.
  1162 | D:2      | Reached XP level 3. HP: 28/29 MP: 3/3
  1228 | D:2      | Reached ** piety under Trog
  1230 | D:2      | Reached skill level 4 in Axes
  1885 | D:3      | Noticed Jessica
  1887 | D:3      | Noticed Grinder
  1893 | D:3      | Killed Jessica
  1893 | D:3      | Reached XP level 4. HP: 31/35 MP: 4/4
  1985 | D:3      | Paralysed by Grinder for 5 turns
  1998 | D:3      | Killed Grinder
  1998 | D:3      | Reached skill level 6 in Axes
  1998 | D:3      | Gained mutation: You have a pair of small antennae on your
                  | head. [demonic ancestry]
  1998 | D:3      | Reached XP level 5. HP: 27/41 MP: 5/5
  1998 | D:3      | Gained mutation: A weak demonic guardian rushes to your
                  | aid. [demonic ancestry]
  1998 | D:3      | Reached XP level 6. HP: 31/47 MP: 6/6
  1999 | D:3      | Quit the game

Illustrated notes

Levels and vault maps discovered:
D:1:      psy_arrival_statuary, layout_loops_cross, chequers_decorated_corner
D:2:      layout_loops_ring, nicolae_overflow_hidden_temple,
          kennysheep_generic_room_8
D:3:      layout_basic, uniq_grinder, uniq_jessica

Skill      XL: |  1  2  3  4 |
---------------+-------------+-----
Axes           | 3 4 6 |  6.3
Fighting       | |  3.0
Armour         | |  1.7
Dodging        | |  1.7

Action                   |  1- 3 |  4- 6 || total
-------------------------+-------+-------++-------
Melee: Hand axe          |   128 |    17 ||   145
Invok: Berserk           |     1 |     1 ||     2
 Stab: Sleeping          |     1 |       ||     1
Armor: Animal skin       |     8 |       ||     8
       Plate armour      |    74 |    12 ||    86
Dodge: Dodged            |    58 |     3 ||    61

Table legend: (Time is in decaauts)
 A = Elapsed time spent in this place.
 B = Non-inter-level travel time spent in this place.
 C = Inter-level travel time spent in this place.
 D = Time resting spent in this place.
 E = Time spent auto-exploring this place.
 F = Levels seen in this place.
 G = Mean time per level.
                   A        B        C        D        E       F      G
               +--------+--------+--------+--------+--------+-----+--------+
         Total |   2021 |   1897 |    124 |      4 |   1536 |   3 |  673.7 |
       Dungeon |   2021 |   1897 |    124 |      4 |   1536 |   3 |  673.7 |
               +--------+--------+--------+--------+--------+-----+--------+

Top non-repeatable levels by time:
     D:1: 1163 daAuts
     D:2: 735 daAuts
     D:3: 122 daAuts
